Map: King's Cove LE

Players

ShoWTimE

  • Race: Protoss Protoss
  • League: Grandmaster
  • Spawn Location: 5:00

llllllllllll (Oliveira) - Winner!

  • Race: Terran Terran
  • League: Master
  • Spawn Location: 11:00

Event: 2019 Assembly Summer

VOD

Have the link to the VOD?

Description

Time

  • Played on: Aug. 2, 2019, 7:57 a.m.
  • Length: 11:55

All games in this series

Show
View Real Time Build Order
Export as new Build Order

ShoWTimE Protoss 

Build Orders: 1 Gate Expand, Phoenix Opening, Colossus Rush 

Get SALT Encoding   

  12  0:00  Probe  
  13  0:12  Probe  
  14  0:17  Pylon  
  14  0:24  Probe  
  15  0:32  Probe  
  15  0:37  Gateway  
  15  0:40  Probe  
  16  0:47  Assimilator  
  17  0:51  Probe  
  18  1:03  Probe  
  19  1:15  Probe  
  20  1:23  Cybernetics Core  
  20  1:36  Nexus  
  20  1:40  Probe  
  20  1:47  Pylon  
  21  1:52  Probe  
  22  1:55  Adept, Assimilator  
  22  2:05  Probe  
  25  2:17  Probe  
  26  2:24  Stargate  
  26  2:29  Adept, Probe  
  29  2:39  Warp Gate  
  29  2:40  Probe  
  30  2:44  Probe  
  30  2:48  Probe  
  31  2:53  Probe  
  31  2:56  Probe  
  33  3:01  Adept  
  33  3:03  Probe  
  33  3:05  Phoenix  
  37  3:08  Probe  
  40  3:15  Probe  
  40  3:19  Pylon  
  41  3:20  Probe  
  41  3:24  Phoenix  
  42  3:27  Probe  
  42  3:32  Probe  
  46  3:39  Probe  
  47  3:44  Probe  
  47  3:47  Pylon  
  48  3:49  Phoenix  
  48  3:51  Probe  
  48  3:52  Gateway  
  51  3:56  Probe  
  51  4:02  Assimilator  
  52  4:03  Probe  
  52  4:05  Assimilator  
  52  4:09  Probe  
  54  4:10  Robotics Facility  
  54  4:14  Pylon  
  54  4:16  Phoenix  
  56  4:18  Probe  
  56  4:21  Probe  
  58  4:30  Probe  
  59  4:39  Probe  
  59  4:43  Pylon  
  60  4:49  Gateway, Zealot, Sentry  
  64  4:53  Nexus  
  64  4:54  Observer  
  64  5:01  Robotics Bay  
  64  5:03  Probe x2  
  64  5:05  Immortal  
  67  5:20  Shield Battery, Probe x2  
  73  5:24  Zealot  
  73  5:25  Zealot  
  73  5:26  Pylon  
  77  5:31  Pylon  
  77  5:35  Pylon  
  75  5:45  Colossus  
  75  5:48  Stalker x2  
  83  5:58  Probe x2  
  85  6:08  Extended Thermal Lance  
  85  6:09  Probe  
  85  6:10  Probe  
  87  6:11  Sentry  
  87  6:12  Sentry  
  87  6:15  Forge  
  87  6:16  Probe  
  92  6:21  Probe  
  92  6:23  Probe  
  94  6:28  Colossus  
  94  6:29  Stalker  
  94  6:31  Probe  
  97  6:33  Probe  
  97  6:35  Probe  
  103  6:42  Stalker  
  103  6:43  Probe  
  103  6:45  Probe  
  103  6:46  Zealot  
  109  6:52  Protoss Ground Armor Level 1  
  109  6:53  Probe  
  108  6:55  Probe  
  108  6:57  Probe  
  104  7:03  Twilight Council  
  104  7:05  Probe  
  104  7:07  Probe  
  106  7:10  Assimilator, Pylon  
  106  7:13  Assimilator, Pylon  
  106  7:17  Colossus  
  106  7:20  Forge  
  106  7:22  Probe x3  
  109  7:25  Pylon  
  115  7:34  Probe, Charge  
  115  7:35  Pylon  
  116  7:43  Probe  
  117  7:49  Photon Cannon  
  117  7:50  Zealot x3  
  123  7:58  Protoss Ground Weapons Level 1  
  123  8:00  Pylon  
  123  8:02  Gateway  
  123  8:04  Photon Cannon  
  123  8:07  Gateway, Shield Battery, Observer  
  123  8:09  Pylon  
  123  8:13  Gateway  
  123  8:17  Gateway  
  124  8:21  Immortal  
  124  8:22  Gateway, Templar Archives  
  124  8:29  Pylon  
  124  8:34  Zealot x3  
  134  8:44  Nexus  
  134  8:50  Psionic Storm  
  134  8:55  Pylon  
  134  8:56  Zealot x2  
  134  8:57  Protoss Ground Armor Level 2  
  134  9:02  High Templar x2  
  142  9:05  High Templar  
  142  9:07  Blink  
  142  9:09  High Templar  
  146  9:11  Immortal  
  150  9:17  Probe  
  150  9:20  Shield Battery  
  150  9:21  Stalker  
  153  9:25  Stalker  
  153  9:28  Pylon  
  153  9:29  Shield Battery  
  155  9:31  Stalker  
  155  9:35  Stalker  
  155  9:37  Probe x2  
  161  9:42  Stalker  
  163  9:48  Stalker x2  
  163  9:52  Assimilator  
  167  9:55  Probe x3  
  167  9:56  Probe  
  167  9:57  Assimilator  
  171  10:02  Stalker  
  171  10:03  High Templar  
  171  10:04  High Templar  
  177  10:09  Photon Cannon  
  177  10:10  Photon Cannon  
  176  10:18  Stalker x3  
  154  10:29  Zealot x3  
  126  10:39  Zealot x2  
  126  10:41  Zealot x2  
  126  10:42  Zealot  
  116  10:49  Zealot x3  
  100  10:51  Immortal  
  75  11:01  Stalker x4  
  75  11:02  Stalker  
  77  11:06  High Templar  
  77  11:09  High Templar x2  
  74  11:17  Zealot  
  73  11:25  Zealot x2  
  73  11:26  Zealot x2  
  77  11:38  Stalker x2  
  68  11:45  Stalker  
  57  11:50  Stalker  
Show
View Real Time Build Order
Export as new Build Order

llllllllllll Terran - Winner!

Build Orders: Reaper Expand 

Get SALT Encoding   

  12  0:00  SCV  
  13  0:12  SCV  
  14  0:18  Supply Depot  
  14  0:25  SCV  
  15  0:40  SCV  
  15  0:41  Barracks  
  16  0:44  Refinery  
  16  0:52  SCV  
  17  1:04  SCV  
  18  1:16  SCV  
  19  1:28  Reaper  
  19  1:29  Orbital Command  
  20  1:43  Command Center  
  20  1:53  Supply Depot  
  20  1:55  SCV  
  20  2:00  Marine  
  22  2:07  SCV  
  23  2:09  Factory  
  23  2:14  Refinery  
  23  2:19  SCV  
  23  2:22  Barracks Reactor  
  24  2:31  SCV  
  24  2:35  Barracks  
  25  2:43  SCV  
  26  2:53  Starport  
  26  2:55  SCV  
  26  2:56  Widow Mine  
  26  2:57  Marine  
  31  3:02  Orbital Command  
  30  3:07  SCV  
  30  3:10  Orbital Command  
  30  3:11  Marine  
  32  3:15  Marine  
  32  3:19  Widow Mine  
  35  3:23  SCV  
  36  3:27  Barracks Tech Lab  
  36  3:29  Marine  
  36  3:31  Medivac  
  39  3:35  SCV x2  
  39  3:37  Marine  
  44  3:41  Widow Mine  
  44  3:47  Supply Depot  
  44  3:48  Stimpack  
  44  3:52  SCV  
  44  3:53  SCV  
  46  4:04  Marine, Factory Tech Lab  
  46  4:08  Marine, Viking, SCV  
  46  4:09  Supply Depot  
  50  4:12  Marine  
  50  4:16  SCV  
  52  4:22  Marine  
  52  4:23  SCV  
  53  4:26  Marine  
  53  4:30  Marine  
  53  4:31  Siege Tank, SCV  
  57  4:33  Supply Depot  
  57  4:36  Supply Depot, SCV  
  59  4:40  Marine  
  59  4:42  Liberator  
  59  4:44  Marine  
  59  4:45  SCV  
  60  4:47  Marine  
  60  4:50  SCV  
  62  4:55  Supply Depot  
  62  4:57  Engineering Bay  
  62  4:58  Marine  
  66  5:01  Marine  
  66  5:05  Marine  
  66  5:06  Barracks  
  68  5:08  SCV  
  68  5:11  SCV  
  70  5:15  Marine  
  70  5:20  Marine, SCV  
  72  5:23  Marine, SCV  
  72  5:24  Factory Reactor  
  73  5:28  Refinery  
  73  5:32  SCV  
  75  5:35  SCV  
  75  5:36  Marine  
  76  5:44  SCV  
  76  5:47  Starport Reactor, SCV  
  78  5:51  Marine  
  78  5:54  Terran Infantry Weapons Level 1  
  78  5:56  Supply Depot, SCV  
  80  5:57  Refinery  
  80  5:58  Marauder x2  
  80  5:59  SCV  
  85  6:08  SCV  
  86  6:13  Supply Depot  
  86  6:17  Marine x2  
  86  6:18  Widow Mine x2, SCV  
  93  6:20  SCV  
  93  6:24  Marauder  
  94  6:34  Marine, SCV x2  
  94  6:35  Medivac x2  
  94  6:36  Marine  
  94  6:37  Supply Depot  
  94  6:39  Command Center  
  99  6:45  Marauder  
  99  6:46  Marine  
  102  6:53  Marauder  
  100  6:54  Marine  
  100  7:00  Widow Mine  
  100  7:01  Widow Mine, SCV x2  
  93  7:04  Marine  
  93  7:06  Marauder  
  93  7:08  Combat Shield  
  93  7:09  Medivac  
  93  7:10  Medivac  
  93  7:12  Marine  
  93  7:13  SCV  
  99  7:17  SCV  
  99  7:21  Marine, Marauder  
  103  7:25  SCV  
  104  7:31  Barracks x2  
  104  7:37  SCV  
  104  7:41  Marine x2, Marauder  
  109  7:49  Terran Infantry Armor Level 1  
  109  7:52  Marauder, Orbital Command  
  111  7:58  Viking x2  
  111  7:59  Marine  
  111  8:00  SCV x2  
  111  8:01  Starport  
  111  8:02  Marine  
  111  8:03  Marauder  
  121  8:10  Supply Depot  
  121  8:11  Supply Depot  
  121  8:12  SCV  
  122  8:14  Marine  
  122  8:16  SCV  
  124  8:22  SCV  
  124  8:23  Supply Depot, Barracks Reactor, Barracks Tech Lab  
  124  8:26  SCV  
  126  8:28  Concussive Shells, Viking x2, Marauder  
  126  8:29  Marine  
  126  8:32  Marine  
  126  8:33  Supply Depot  
  134  8:35  Supply Depot  
  134  8:36  SCV  
  134  8:41  Viking  
  137  8:42  Viking  
  137  8:47  Marine, Ghost Academy  
  140  8:50  Supply Depot, Marine  
  140  8:54  Missile Turret  
  141  8:58  Viking  
  141  8:59  Viking  
  145  9:16  Marine x2  
  145  9:17  Marine x2, Ghost  
  150  9:19  Ghost  
  150  9:20  Ghost  
  150  9:23  SCV  
  155  9:24  Viking  
  155  9:26  Supply Depot  
  157  9:32  Viking  
  157  9:34  Marine x3  
  157  9:35  Marine  
  163  9:39  Viking  
  164  9:47  Marauder  
  164  9:48  Marauder  
  164  9:49  Marauder  
  164  9:50  Supply Depot  
  164  9:52  Viking, Marine x3  
  175  9:57  Marine  
  176  10:08  Viking, Marauder  
  176  10:09  Marine  
  176  10:10  Marine x3  
  176  10:11  Marauder  
  183  10:27  Marine x2  
  183  10:28  Marauder  
  153  10:34  Marine x2  
  153  10:35  Marauder  
  109  10:45  Marine, Marauder  
  109  10:47  Marine  
  94  10:56  Marine x2  
  90  10:58  Marine  
  90  11:03  Marine x2  
  92  11:10  Marine  
  95  11:13  Marine  
  95  11:15  Marine  
  95  11:16  Medivac  
  97  11:18  Marine x2  
  97  11:24  Marine  
  97  11:25  Marauder  
  102  11:32  Marine x2  
Tags
 
Add a new tag
Caveats
  • Supply blocks, unpowered buildings, or Contaminate may cause inaccurate times.
  • Supply counts are checked every 10 seconds.